Map: LotV Custom - God's Garden AE

Players

Hindulaatti

  • Race: Terran Terran
  • League: Platinum
  • Spawn Location: 7:00

guil

  • Race: Protoss Protoss
  • Spawn Location: 11:00

Pacockaine - Winner!

  • Race: Protoss Protoss
  • Spawn Location: 1:00

Muso - Winner!

  • Race: Terran Terran
  • Spawn Location: 5:00

VOD

Have the link to the VOD?

Description

Time

  • Played on: Dec. 17, 2014, 3:39 p.m.
  • Length: 17:07
Show
View Real Time Build Order
Export as new Build Order

Hindulaatti Terran 

Build Orders: MMM Bio 

Get SALT Encoding   

  12  0:01  SCV  
  13  0:13  SCV  
  14  0:17  Supply Depot  
  14  0:25  SCV  
  15  0:39  SCV  
  15  0:41  Barracks  
  16  0:51  SCV  
  16  0:54  Refinery  
  17  1:03  SCV  
  18  1:15  Supply Depot, SCV  
  19  1:28  Marine  
  19  1:29  Orbital Command  
  19  1:30  Barracks  
  20  1:46  Marine  
  21  1:54  SCV  
  22  2:04  Marine  
  23  2:08  Command Center  
  23  2:15  Bunker  
  23  2:19  Marine  
  23  2:21  SCV  
  23  2:22  Barracks Tech Lab  
  25  2:34  Supply Depot  
  25  2:35  Factory  
  25  2:37  Marine  
  26  2:50  Refinery  
  26  2:51  SCV  
  27  2:59  Marine  
  27  3:00  Marine  
  29  3:08  SCV  
  33  3:23  Orbital Command  
  33  3:25  Refinery  
  33  3:27  Refinery  
  33  3:29  SCV  
  33  3:31  Factory Tech Lab  
  34  3:38  Barracks Tech Lab  
  34  3:42  SCV  
  34  3:43  Supply Depot  
  34  3:47  Unknown  
  38  3:49  SCV  
  39  3:58  SCV  
  39  4:01  SCV  
  44  4:10  SCV  
  44  4:13  SCV  
  48  4:18  Cyclone, Unknown  
  48  4:22  SCV  
  50  4:25  SCV  
  51  4:33  Unknown x2, Marine x2  
  51  4:34  SCV  
  51  4:37  SCV  
  52  4:39  Combat Shields, Stimpack  
  52  4:46  SCV  
  52  4:50  SCV  
  52  4:51  Marine x2  
  52  4:52  Supply Depot  
  56  4:58  SCV  
  57  5:05  Cyclone, SCV  
  61  5:10  SCV  
  61  5:12  Supply Depot x2  
  62  5:17  Starport  
  65  5:23  SCV x2  
  65  5:26  Supply Depot  
  59  5:44  Unknown  
  58  5:50  SCV x2  
  55  5:57  Starport Reactor  
  55  6:02  SCV x2  
  55  6:03  Command Center  
  57  6:14  Cyclone, SCV x2  
  57  6:16  Unknown  
  57  6:17  Unknown  
  68  6:23  Command Center  
  68  6:24  Engineering Bay  
  68  6:26  SCV  
  68  6:27  SCV  
  68  6:29  Barracks  
  70  6:37  Viking x2  
  74  6:45  Unknown x2  
  74  6:50  Missile Turret  
  74  6:52  Missile Turret  
  74  6:59  Cyclone  
  84  7:01  SCV x2  
  85  7:13  SCV x2  
  85  7:14  Terran Infantry Weapons Level 1  
  87  7:23  Barracks Reactor  
  87  7:26  Unknown x2  
  87  7:30  Orbital Command  
  87  7:34  Orbital Command  
  87  7:35  Cyclone  
  90  7:37  Viking x2  
  94  7:58  Refinery  
  80  8:22  Orbital Command  
  74  8:27  Marine  
  74  8:28  Marine  
  74  8:30  Medivac x2  
  74  8:32  Cyclone  
  89  8:43  Concussive Shells  
  89  8:48  Armory  
  89  8:50  Missile Turret  
  89  8:51  Missile Turret  
  89  8:52  Orbital Command, SCV x3  
  92  8:56  Unknown x2  
  92  9:05  Marine x2  
  100  9:21  SCV x4  
  104  9:25  Missile Turret  
  104  9:33  SCV x4  
  104  9:34  Unknown x2  
  108  9:44  Siege Tank  
  108  9:45  Medivac x2  
  115  9:46  Marine x2  
  123  9:53  SCV  
  123  9:55  Refinery  
  123  9:56  Refinery  
  123  9:59  Supply Depot  
  124  10:00  Supply Depot  
  124  10:01  Supply Depot  
  124  10:02  Supply Depot  
  124  10:14  Unknown x2  
  124  10:20  Medivac x2, Marine x2, SCV x2  
  132  10:22  SCV  
  132  10:23  Siege Tank  
  132  10:28  Missile Turret x2  
  134  10:45  Command Center  
  134  10:46  Missile Turret  
  134  10:48  Missile Turret  
  128  10:50  Unknown x2  
  128  10:52  Missile Turret x2  
  116  11:11  Missile Turret  
  116  11:15  SCV  
  116  11:16  SCV x2  
  119  11:26  Viking x2  
  119  11:27  SCV  
  119  11:28  Cyclone, SCV x2  
  119  11:30  Marine  
  119  11:31  Marine  
  137  11:35  Terran Vehicle and Ship Weapons Level 1  
  137  11:37  Factory  
  137  11:40  SCV x2  
  137  11:41  SCV  
  140  11:52  SCV  
  141  11:56  Factory  
  141  11:57  Orbital Command, Factory  
  141  11:59  Unknown x2  
  141  12:00  Factory  
  141  12:06  Viking x2  
  145  12:39  Factory Tech Lab  
  145  12:42  Factory Tech Lab x2  
  145  12:43  Viking x2  
  149  12:45  Marine, Factory Tech Lab  
  149  12:50  Supply Depot  
  156  12:52  Supply Depot  
  156  12:56  Unknown  
  156  13:12  Marine  
  157  13:13  Supply Depot, Unknown x2  
  157  13:14  Supply Depot  
  157  13:19  Viking x2  
  161  13:31  Marine  
  161  13:32  Marine  
  161  13:33  Siege Tank  
  172  13:34  Siege Tank x2  
  172  13:35  Supply Depot  
  172  13:37  Cyclone  
  172  13:38  Cyclone  
  184  13:45  Supply Depot  
  184  13:46  Supply Depot  
  184  13:47  Supply Depot  
  184  14:00  Unknown x2  
  184  14:14  Cyclone x2  
  184  14:15  Siege Tank x2  
  196  14:42  Refinery  
  162  15:19  Viking x2  
  162  15:20  Cyclone x2  
  162  15:21  Cyclone x3  
  164  15:49  Viking  
  162  15:52  Cyclone  
  162  15:53  Cyclone x2  
  168  15:58  Viking  
  168  15:59  Cyclone x2  
  167  16:19  Viking, Marine  
  167  16:20  Marine x3  
  173  16:28  Viking  
  178  16:37  Marine x2  
Show
View Real Time Build Order
Export as new Build Order

guil Protoss 

Build Orders:  

Get SALT Encoding   

  12  0:01  Probe  
  13  0:15  Pylon  
  13  0:19  Probe  
  14  0:33  Probe (Chrono Boost)  
  16  0:43  Pylon  
  16  0:44  Probe (Chrono Boost)  
  16  0:50  Probe  
  17  1:00  Gateway  
  17  1:02  Probe  
  18  1:15  Probe (Chrono Boost)  
  18  1:18  Pylon  
  20  1:27  Probe (Chrono Boost)  
  20  1:28  Forge  
  20  1:34  Probe (Chrono Boost)  
  21  1:44  Probe  
  22  1:48  Zealot (Chrono Boost)  
  24  2:08  Zealot  
  26  2:24  Nexus  
  26  2:31  Photon Cannon  
  26  2:33  Photon Cannon  
  26  2:36  Photon Cannon  
  26  2:39  Pylon  
  26  2:49  Photon Cannon  
  26  2:54  Pylon  
  26  3:01  Photon Cannon  
  26  3:02  Probe (Chrono Boost)  
  27  3:12  Probe (Chrono Boost)  
  28  3:19  Probe (Chrono Boost)  
  29  3:24  Photon Cannon  
  29  3:25  Photon Cannon  
  29  3:31  Probe (Chrono Boost)  
  30  3:34  Photon Cannon  
  30  3:39  Probe (Chrono Boost)  
  32  3:41  Probe (Chrono Boost)  
  33  3:48  Probe (Chrono Boost)  
  33  3:55  Probe (Chrono Boost)  
  34  3:59  Probe (Chrono Boost)  
  36  4:03  Probe (Chrono Boost)  
  36  4:07  Probe (Chrono Boost)  
  36  4:09  Assimilator, Probe (Chrono Boost)  
  38  4:14  Assimilator  
  38  4:21  Probe (Chrono Boost)  
  38  4:23  Probe (Chrono Boost)  
  40  4:29  Probe (Chrono Boost)  
  40  4:31  Probe (Chrono Boost)  
  42  4:38  Probe (Chrono Boost)  
  42  4:44  Probe (Chrono Boost)  
  44  4:50  Probe (Chrono Boost)  
  46  4:54  Probe (Chrono Boost)  
  47  5:00  Probe (Chrono Boost), Photon Cannon  
  47  5:01  Probe (Chrono Boost)  
  47  5:06  Cybernetics Core  
  48  5:07  Probe  
  48  5:10  Photon Cannon  
  48  5:11  Probe  
  50  5:15  Photon Cannon  
  50  5:17  Photon Cannon  
  50  5:20  Probe  
  51  5:23  Probe  
  51  5:25  Photon Cannon  
  52  5:33  Pylon, Probe  
  52  5:35  Probe  
  54  5:37  Assimilator  
  54  5:41  Assimilator  
  54  5:45  Probe  
  54  5:47  Probe  
  56  5:56  Stargate  
  56  5:57  Stargate, Probe  
  56  5:59  Probe  
  56  6:02  Stargate  
  58  6:09  Probe (Chrono Boost)  
  59  6:13  Probe (Chrono Boost)  
  60  6:21  Probe (Chrono Boost)  
  60  6:22  Protoss Shields Level 1  
  60  6:24  Probe (Chrono Boost)  
  62  6:28  Photon Cannon  
  62  6:30  Probe (Chrono Boost)  
  62  6:31  Probe (Chrono Boost)  
  64  6:38  Probe  
  64  6:39  Photon Cannon  
  59  6:40  Probe  
  59  6:41  Photon Cannon  
  59  6:42  Photon Cannon  
  59  6:44  Photon Cannon  
  54  6:48  Oracle (Chrono Boost)  
  54  6:50  Probe  
  54  6:52  Probe  
  56  6:58  Oracle (Chrono Boost)  
  56  7:00  Pylon  
  57  7:13  Pylon  
  56  7:32  Phoenix (Chrono Boost)  
  58  7:40  Nexus  
  58  7:54  Pylon  
  58  8:01  Pylon  
  58  8:03  Void Ray  
  62  8:26  Pylon  
  62  9:33  Nexus  
  62  9:37  Photon Cannon  
  62  9:40  Photon Cannon  
  62  9:57  Fleet Beacon  
  62  10:54  Probe  
  63  10:58  Probe  
  63  10:59  Carrier (Chrono Boost)  
  63  11:00  Probe  
  65  11:06  Probe  
  65  11:10  Probe  
  67  11:11  Nexus  
  67  11:13  Probe  
  67  11:15  Pylon  
  68  11:18  Probe  
  68  11:24  Probe (Chrono Boost)  
  77  11:26  Probe (Chrono Boost)  
  77  11:29  Carrier (Chrono Boost)  
  77  11:30  Probe (Chrono Boost)  
  78  11:36  Carrier (Chrono Boost)  
  78  11:37  Probe (Chrono Boost)  
  81  11:40  Probe (Chrono Boost)  
  81  11:41  Probe (Chrono Boost)  
  81  11:44  Probe (Chrono Boost)  
  82  11:47  Probe  
  96  11:54  Probe  
  96  11:59  Probe  
  96  12:00  Stargate  
  97  12:06  Probe  
  98  12:10  Probe  
  98  12:11  Carrier (Chrono Boost)  
  98  12:12  Probe  
  100  12:18  Probe  
  100  12:22  Probe  
  102  12:24  Probe  
  109  12:34  Probe  
  109  12:36  Probe  
  111  12:40  Carrier (Chrono Boost), Probe  
  111  12:43  Carrier (Chrono Boost)  
  112  12:45  Carrier (Chrono Boost)  
  112  12:46  Probe  
  112  12:48  Probe  
  132  12:52  Probe  
  134  12:58  Probe  
  134  13:04  Probe  
  135  13:14  Carrier (Chrono Boost)  
  135  13:17  Probe  
  135  13:18  Twilight Council  
  136  13:24  Pylon  
  136  13:29  Probe  
  149  13:46  Pylon  
  155  13:49  Pylon  
Show
View Real Time Build Order
Export as new Build Order

Pacockaine Protoss - Winner!

Build Orders:  

Get SALT Encoding   

  12  0:01  Probe  
  13  0:15  Probe  
  14  0:26  Pylon  
  14  0:42  Assimilator  
  14  0:44  Probe (Chrono Boost)  
  15  0:54  Forge, Probe (Chrono Boost)  
  16  1:01  Probe (Chrono Boost)  
  17  1:13  Probe (Chrono Boost)  
  18  1:22  Probe (Chrono Boost)  
  19  1:30  Probe  
  20  1:38  Pylon  
  20  1:42  Probe  
  21  1:49  Pylon  
  21  2:10  Probe (Chrono Boost)  
  21  2:13  Nexus  
  21  2:14  Pylon  
  22  2:18  Assimilator  
  22  2:25  Gateway  
  22  2:33  Probe  
  22  2:35  Pylon  
  23  2:45  Probe  
  23  2:49  Photon Cannon  
  24  2:55  Pylon  
  24  2:57  Probe (Chrono Boost)  
  25  3:09  Pylon, Probe (Chrono Boost)  
  26  3:12  Cybernetics Core  
  26  3:16  Probe (Chrono Boost)  
  27  3:26  Photon Cannon  
  28  3:28  Probe (Chrono Boost)  
  28  3:31  Probe (Chrono Boost)  
  31  3:41  Probe (Chrono Boost)  
  31  3:42  Probe (Chrono Boost)  
  32  3:49  Stargate, Probe (Chrono Boost)  
  32  3:52  Probe (Chrono Boost)  
  32  3:53  Stargate  
  33  3:56  Probe (Chrono Boost)  
  33  4:01  Probe (Chrono Boost)  
  35  4:07  Assimilator  
  36  4:12  Probe (Chrono Boost)  
  36  4:13  Probe (Chrono Boost)  
  37  4:18  Probe (Chrono Boost)  
  37  4:19  Probe  
  39  4:31  Probe  
  39  4:32  Oracle (Chrono Boost)  
  39  4:34  Photon Cannon  
  39  4:35  Photon Cannon  
  43  4:40  Oracle (Chrono Boost)  
  43  4:43  Probe  
  47  4:56  Probe, Photon Cannon  
  48  5:01  Oracle (Chrono Boost)  
  54  5:08  Probe  
  54  5:09  Pylon  
  54  5:11  Oracle (Chrono Boost)  
  55  5:20  Probe x2  
  60  5:32  Probe x2  
  60  5:34  Oracle (Chrono Boost)  
  65  5:37  Oracle (Chrono Boost)  
  65  5:44  Probe x2  
  65  5:49  Photon Cannon  
  67  5:51  Photon Cannon  
  67  5:52  Photon Cannon  
  67  5:56  Probe, Nexus  
  68  6:09  Probe  
  73  6:12  Void Ray (Chrono Boost)  
  73  6:16  Pylon  
  73  6:19  Pylon  
  73  6:31  Void Ray  
  74  6:52  Void Ray  
  78  7:00  Assimilator  
  78  7:04  Assimilator  
  78  7:06  Pylon  
  78  7:09  Pylon  
  78  7:14  Void Ray  
  82  7:24  Probe  
  82  7:29  Photon Cannon  
  83  7:32  Photon Cannon  
  83  7:34  Photon Cannon  
  83  7:35  Void Ray  
  83  7:36  Probe  
  88  7:40  Probe  
  88  7:41  Probe  
  90  7:48  Probe  
  91  7:52  Probe  
  91  7:53  Probe  
  91  7:54  Nexus  
  91  7:57  Void Ray  
  97  8:00  Probe  
  89  8:12  Probe  
  89  8:18  Void Ray (Chrono Boost), Protoss Air Weapons Level 1 (Chrono Boost)  
  88  8:24  Pylon  
  88  8:25  Probe  
  88  8:26  Pylon  
  89  8:30  Pylon  
  89  8:33  Pylon  
  93  8:42  Stargate  
  93  8:44  Void Ray (Chrono Boost), Stargate  
  93  8:48  Pylon  
  93  8:50  Protoss Shields Level 1, Pylon  
  93  8:58  Assimilator  
  93  9:04  Assimilator  
  93  9:05  Void Ray (Chrono Boost)  
  93  9:06  Photon Cannon  
  93  9:09  Photon Cannon  
  97  9:11  Photon Cannon  
  97  9:14  Cybernetics Core  
  97  9:17  Stargate  
  97  9:30  Fleet Beacon  
  97  9:31  Probe  
  98  9:43  Void Ray, Probe  
  103  9:46  Void Ray  
  107  9:55  Probe  
  107  9:58  Protoss Air Armor Level 1 (Chrono Boost)  
  108  10:01  Void Ray  
  112  10:07  Probe  
  113  10:16  Void Ray (Chrono Boost)  
  113  10:17  Void Ray (Chrono Boost)  
  113  10:19  Probe  
  122  10:26  Carrier x2 (Chrono Boost)  
  122  10:27  Carrier (Chrono Boost)  
  122  10:31  Probe  
  119  10:43  Probe  
  138  10:55  Graviton Catapult  
  138  11:11  Robotics Facility  
  138  11:12  Nexus  
  138  11:13  Mothership Core  
  140  11:19  Twilight Council  
  140  11:24  Pylon  
  140  11:26  Pylon  
  140  11:44  Protoss Air Weapons Level 2 (Chrono Boost)  
  146  12:00  Observer  
  147  12:14  Tempest (Chrono Boost)  
  151  12:20  Assimilator  
  151  12:23  Assimilator  
  151  12:27  Tempest (Chrono Boost)  
  155  12:38  Carrier x2 (Chrono Boost)  
  155  12:39  Protoss Air Armor Level 2 (Chrono Boost)  
  155  12:50  Carrier (Chrono Boost)  
  167  13:01  Tempest (Chrono Boost)  
  177  13:17  Carrier (Chrono Boost)  
  177  13:19  Tempest (Chrono Boost)  
  181  13:35  Protoss Shields Level 2 (Chrono Boost)  
  181  13:41  Carrier x2 (Chrono Boost)  
  199  14:07  Carrier  
  197  14:35  Carrier (Chrono Boost)  
  197  14:50  Carrier x2 (Chrono Boost)  
  197  14:51  Carrier (Chrono Boost)  
  199  15:34  Carrier (Chrono Boost)  
  199  15:39  Carrier (Chrono Boost)  
  184  15:53  Nexus  
  184  15:56  Assimilator  
  184  15:57  Assimilator  
  190  16:19  Pylon  
  190  16:22  Pylon  
Show
View Real Time Build Order
Export as new Build Order

Muso Terran - Winner!

Build Orders: MMM Bio 

Get SALT Encoding   

  12  0:01  SCV  
  13  0:20  Supply Depot  
  13  0:21  SCV  
  14  0:32  Refinery  
  14  0:33  SCV  
  15  0:44  Barracks  
  15  0:50  SCV  
  16  1:02  SCV  
  17  1:31  Orbital Command  
  17  1:32  Supply Depot  
  17  1:35  Marine  
  18  1:55  Barracks  
  18  1:56  Marine  
  18  1:59  SCV  
  20  2:04  Refinery  
  20  2:12  SCV  
  20  2:13  Marine  
  22  2:24  SCV  
  23  2:31  Marine  
  23  2:33  Supply Depot  
  23  2:36  SCV  
  25  2:45  Factory  
  25  2:47  Marine  
  25  2:48  SCV  
  25  2:49  Marine  
  28  2:55  Engineering Bay  
  28  3:00  SCV  
  28  3:04  Marine  
  30  3:07  Marine  
  30  3:12  SCV  
  32  3:22  Marine  
  32  3:25  Marine  
  34  3:27  SCV  
  34  3:31  Supply Depot, Factory Tech Lab  
  35  3:38  Sensor Tower  
  35  3:42  Barracks Tech Lab  
  35  3:47  SCV  
  36  3:49  Barracks Reactor  
  36  3:54  Siege Tank  
  39  3:58  Missile Turret  
  39  4:02  SCV  
  40  4:04  Starport  
  40  4:08  Stimpack  
  40  4:25  Missile Turret  
  40  4:32  Marine x3  
  40  4:33  Siege Tank  
  46  4:42  Starport Reactor  
  46  4:47  Supply Depot, SCV  
  47  4:58  Missile Turret  
  47  5:09  Marine x3, Siege Tank, SCV  
  47  5:10  Supply Depot  
  54  5:31  Medivac x2  
  54  5:34  Marine x3  
  61  5:37  Missile Turret  
  54  5:55  SCV  
  51  6:00  Siege Tank  
  51  6:02  Marine x3  
  57  6:07  SCV  
  58  6:16  Supply Depot  
  58  6:19  Combat Shields  
  61  6:32  Siege Tank  
  61  6:33  Marine x2  
  61  6:37  Marine  
  64  6:42  Supply Depot  
  64  6:58  Marine x3  
  67  7:06  Medivac  
  67  7:07  Medivac  
  71  7:17  Hi-Sec Auto Tracking  
  71  7:25  Command Center  
  55  8:29  Marine x3  
  58  8:46  Marine x2  
  58  8:47  Marine  
  61  8:49  Orbital Command  
  61  8:52  Refinery  
  61  9:08  Medivac x2  
  65  9:14  Terran Infantry Weapons Level 1  
  65  9:20  Fusion Core  
  65  9:30  SCV  
  66  9:35  Marine  
  66  9:36  Marine x2  
  69  9:42  SCV  
  70  10:13  Starport  
  41  11:11  Marine x2  
  41  11:12  Marine  
  41  11:14  Starport Tech Lab  
  44  11:29  Marine x3  
  47  11:39  Command Center  
  47  11:42  Battlecruiser  
  53  11:47  Marine x3  
  53  11:52  Starport Tech Lab  
  56  12:05  Marine x3  
  59  12:16  Battlecruiser  
  65  12:23  Marine  
  59  13:40  Battlecruiser x2  
  43  14:54  Marine  
  43  14:55  Marine x2  
  46  15:13  Marine  
Tags
 
Add a new tag
Caveats
  • Supply blocks, unpowered buildings, or Contaminate may cause inaccurate times.
  • Supply counts are checked every 10 seconds.